 Dungeon Crawl Stone Soup version 0.29-a0-266-gf56f883ddd (webtiles) character file.

Game seed: 17839185571661135860

4235 fragbeetle the Slasher (level 10, -1/70 HPs)
             Began as a Djinni Conjurer on Mar 6, 2022.
             Was a Believer of Ru.
             Slain by a yak (12 damage)
             ... on level 7 of the Dungeon.
             The game lasted 00:21:27 (9252 turns).

fragbeetle the Slasher (Djinni Conjurer)            Turns: 9252, Time: 00:21:27

Health: -1/70      AC:  7    Str:  8    XL:     10   Next: 55%
Gold:   343        EV: 13    Int: 22    God:    Ru [**....] SH:  5 Dex: 12

rFire   + + .      SeeInvis .   n - +2 rapier (venom)
rCold   . . .      Faith    .   w - +0 buckler
rNeg    . . .      Spirit   .   b - +0 steam dragon scales
rPois   ∞          Reflect  .   (no helmet)
rElec   .          Harm     .   (no cloak)
rCorr   .          Rampage  .   m - +0 pair of gloves
Will    +....                   (boots unavailable)
Stlth   ++........              (no amulet)
HPRegen 0.21/turn               z - ring of protection from cold
MPRegen 0.00/turn               (no ring)

@: flying
A: sickness immunity, fire resistance 2, cold vulnerability 1, inability to use
devices, float, innate caster, HP casting, extra vitality 1
a: Renounce Religion


You were on level 7 of the Dungeon.
You worshipped Ru.
Ru was pleased with you.
You visited 2 branches of the dungeon, and saw 9 of its levels.
You also visited: Sewer.

You collected 343 gold pieces.

Inventory:

Hand Weapons
 l - a +1 vorpal falchion
 n - a +2 rapier of venom (weapon)
 v - a +5 great sword of freezing
Missiles
 k - 12 poisoned darts
Armour
 b - +0 steam dragon scales (worn)
 m - a +0 pair of gloves (worn)
 w - a +0 buckler (worn)
Magical Staves
 u - a staff of poison
Jewellery
 a - the amulet of Fil Heen {RegenMP Harm rN+ Int-3}
   (You found it on level 7 of the Dungeon)

   [amulet of magic regeneration]

   It increases your rate of magic regeneration.
   Int:       It affects your intelligence (-3).
   rN:        It protects you from negative energy.
   Harm:      It increases damage dealt and taken.
 z - a ring of protection from cold (left hand)
Scrolls
 d - 2 scrolls of teleportation {unknown}
 e - a scroll of torment {unknown}
 f - 4 scrolls of magic mapping
 g - a scroll of enchant armour {unknown}
 o - 2 scrolls of vulnerability {unknown}
 q - 2 scrolls of blinking {unknown}
 t - 2 scrolls of amnesia {unknown}
 x - a scroll of enchant weapon {unknown}
Potions
 c - 3 potions of lignification
 h - a potion of flight {unknown}
 i - 3 potions of ambrosia
 j - a potion of heal wounds
 p - 6 potions of curing
 r - 2 potions of haste
 s - 2 potions of mutation {unknown}


   Skills:
 - Level 5.0 Fighting
 - Level 7.4 Long Blades
 + Level 4.1 Armour
 + Level 5.2 Dodging
 - Level 1.5 Stealth
 + Level 4.2 Shields
 - Level 7.0 Spellcasting


You couldn't memorise any spells.
You knew the following spells:

 Your Spells              Type           Power      Damage    Failure   Level
a - Magic Dart            Conj           100%       1d8       1%          1
b - Searing Ray           Conj           76%        2d7       1%          2
c - Dazzling Flash        Conj/Hex       76%        N/A       1%          3
d - Fulminant Prism       Conj/Hex       19%        3d11      6%          4
e - Iskenderun's Mystic   Conj/Tloc      38%        2d9       6%          4
f - Animate Skeleton      Necr           76%        N/A       1%          1
g - Spider Form           Tmut/Pois      38%        N/A       1%          3
h - Summon Guardian Gole  Hex/Summ       38%        N/A       1%          3
q - Scorch                Fire           76%        2d8       1%          2
Your spell library was empty.

Dungeon Overview and Level Annotations

Branches:
Dungeon (8/15)             Temple (1/1) D:5           Sewer (visited)
   Lair: D:8-11

Altars:
Dithmenos
Elyvilon
Fedhas
Gozag
Hepliaklqana
Kikubaaqudgha
Makhleb
Nemelex Xobeh
Okawaru
Ru
Sif Muna
Trog
Vehumet
Wu Jian
Xom
Yredelemnul
Zin

Shops:
D:5 *   D:7 *

Annotations:
D:3 Sigmund
D:6 exclusion: door


Innate Abilities, Weirdness & Mutations

You are immune to sickness and miasma.
You are immune to poison.
Your flesh is very heat resistant. (rF++)
You are vulnerable to cold. (rC-)
You cannot study or use magical devices.
You float through the air rather than walking.
You learn spells naturally, not from books.
Your magical power is your life essence.
You have superior vitality. (+4 MHP)


Message History

Press: ? - help, Shift-Dir - straight line, f/p - yak
Aim: a yak (heavily wounded, 88% to hit)
The searing ray hits the yak.
The yak is severely wounded. (Press . to maintain the ray.)
The yak gores you!
* * * LOW HITPOINT WARNING * * *
Casting: Searing Ray (safe; 1% risk of failure)
Confirm with . or Enter, or press ? or * to list all spells.
Okay, then.
Unknown command.
Casting: Searing Ray (safe; 1% risk of failure)
Confirm with . or Enter, or press ? or * to list all spells.
Flames lash the yak.
The yak is severely wounded.
The yak's fire resistance burns away.
* * * LOW HITPOINT WARNING * * *
Unknown command.
Casting: Scorch (safe; 1% risk of failure)
Confirm with . or Enter, or press ? or * to list all spells.
Flames lash the yak.
The yak is almost dead.
The yak's fire resistance burns away.
* * * LOW HITPOINT WARNING * * *
You block the yak's attack. The yak gores you.
* * * LOW HITPOINT WARNING * * *
Casting: Scorch (safe; 1% risk of failure)
Confirm with . or Enter, or press ? or * to list all spells.
Flames lash the yak.
The yak is burned terribly!
You kill the yak!
* * * LOW HITPOINT WARNING * * *
The yak is stunned by your conviction and fails to attack.
Unknown command.
Casting: Scorch (safe; 1% risk of failure)
Confirm with . or Enter, or press ? or * to list all spells.
Flames lash the yak.
The yak is burned terribly!
The yak is almost dead.
* * * LOW HITPOINT WARNING * * *
The yak gores you!
You die...

##.......## ###..###........
##..###§§§.# #....#.......#
##..## #§§§.# #...........##
##..## #.§§.# ##...........#
#..## #.§.## #..########..# ..##
##.#### #..#### #..# .##
#....#####.....### #..# ..###
##../))Y.##.......###..##
....#####..#####@..)...P..P##...#
..........## ##..(..#....####..
#######...# #....###P..## ##. #
##..## ##...........# #. # #...#
##............# #. # #...#
##...##.._..##.# ##. #
#...###..#P#.......#.###.. #
#.......##.#########..#..# #
##......###.............###


You could see a yak (combustible).

Vanquished Creatures
  Maggie (D:7)
  9 yaks
  A wyvern (D:4)
  3 water moccasins
  An ice beast (D:7)
  2 sky beasts
  3 black bears
  An ogre (D:5)
  A centaur (D:8)
  A kobold brigand (D:7)
  2 bullfrogs
  2 necrophages
  2 gnoll sergeants
  2 scorpions
  5 wights (D:6)
  A hound (D:6)
  5 jellies
  A gnoll shaman (D:5)
  An orc priest (D:5)
  2 orc wizards
  5 iguanas
  15 gnolls
  8 adders
  2 river rats (Sewer)
  2 shadow imps (D:6)
  2 worms (D:5)
  A dart slug (D:4)
  11 orcs
  6 ball pythons
  7 bats
  23 endoplasms
  3 giant cockroaches
  A goblin (D:3)
  4 hobgoblins
  3 quokkas
  4 frilled lizards
  5 kobolds (D:7)
  9 rats
157 creatures vanquished.

Vanquished Creatures (others)
  A demonic plant (D:2)
  11 fulminant prisms
  2 fungi (D:6)
  2 plants (D:2)
16 creatures vanquished.

Grand Total: 173 creatures vanquished

Notes
Turn   | Place    | Note
-------+----------+-------------------------------------------
     0 | D:1      | fragbeetle the Djinni Conjurer began the quest for the Orb.
     0 | D:1      | Reached XP level 1. HP: 15/15 MP: 0/0
   241 | D:1      | Reached XP level 2. HP: 22/22 MP: 0/0
   981 | D:2      | Reached skill level 1 in Fighting
   981 | D:2      | Reached XP level 3. HP: 24/27 MP: 0/0
   981 | D:2      | Learned a level 1 spell: Animate Skeleton
  1012 | D:2      | Found a faded altar of an unknown god.
  1183 | D:2      | You are sucked into a shaft and drop 1 floor!
  1188 | D:3      | Noticed Sigmund
  1542 | D:4      | Reached XP level 4. HP: 5/33 MP: 0/0
  2266 | D:3      | Noticed a black bear
  2270 | D:3      | Killed a black bear
  2271 | D:3      | Reached XP level 5. HP: 28/39 MP: 0/0
  2271 | D:3      | Learned a level 2 spell: Scorch
  2514 | D:4      | Reached XP level 6. HP: 44/45 MP: 0/0
  2673 | D:4      | Reached skill level 5 in Spellcasting
  2818 | D:4      | Noticed a wyvern
  2823 | D:4      | Killed a wyvern
  2824 | D:4      | Reached XP level 7. HP: 34/50 MP: 0/0
  2824 | D:4      | Learned a level 3 spell: Spider Form
  3067 | D:4      | Found a basalt altar of Yredelemnul.
  3952 | D:5      | Entered Level 5 of the Dungeon
  4235 | D:5      | Reached XP level 8. HP: 47/58 MP: 0/0
  4246 | D:5      | Reached skill level 5 in Fighting
  4246 | D:5      | Reached skill level 1 in Long Blades
  4458 | D:5      | Found a glowing drain.
  4468 | Sewer    | Entered a sewer
  5312 | D:5      | Found Gozag's Platinum Reserve.
  5317 | D:5      | Found an opulent altar of Gozag.
  5656 | D:5      | Reached skill level 5 in Long Blades
  6080 | D:5      | Found a staircase to the Ecumenical Temple.
  6089 | Temple   | Entered the Ecumenical Temple
  6497 | D:5      | Reached XP level 9. HP: 58/65 MP: 0/0
  6497 | D:5      | Learned a level 3 spell: Summon Guardian Golem
  6623 | Temple   | Became a worshipper of Ru the Awakened
  7220 | D:6      | Noticed a slime creature
  7972 | D:7      | Found Gozih's Assorted Antiques.
  7997 | D:7      | Noticed Maggie
  7998 | D:7      | Found a hazy altar of Hepliaklqana.
  8007 | D:7      | Killed Maggie
  8028 | D:7      | Identified the amulet of Fil Heen {RegenMP Harm rN+ Int-3}
  8158 | D:7      | Found a glowing silver altar of Zin.
  8349 | D:7      | Reached skill level 1 in Armour
  8349 | D:7      | Reached skill level 1 in Shields
  8423 | D:7      | Found a shadowy altar of Dithmenos.
  8450 | D:7      | Reached XP level 10. HP: 65/70 MP: 0/0
  8495 | D:7      | Gained mutation: You cannot study or use magical devices.
                  | [Ru sacrifice]
  8495 | D:7      | Reached * piety under Ru
  8495 | D:7      | Reached ** piety under Ru
  8983 | D:8      | Reached skill level 5 in Dodging
  9245 | D:7      | HP: 1/70 [yak (13)]
  9252 | D:7      | Slain by a yak

Illustrated notes

Levels and vault maps discovered:
D:1:      dpeg_arrival_rooms_b, layout_basic
D:2:      layout_basic, shapermc_ecumenical_altar_gd
D:3:      layout_basic, mainiacjoe_overflow_alcove_4, kennysheep_orc_sif_temple,
          uniq_sigmund
D:4:      layout_basic, marbit_many_paths, minmay_misc_feat_roman,
          lemuel_another_geyser
D:5:      layout_basic, nicolae_gozag_zags_fifth_avenue,
          minmay_temple_entry_offerings, cheibrodos_sewer_entry_bend
D:6:      lemuel_slime, layout_rooms
D:7:      layout_layer_cave, grunt_dithmenos_smoke,
          mainiacjoe_overflow_boulevard, kiku_gazebo_garden_becter,
          chequers_temple_overflow_statue_of_worship, nicolae_stop_n_shop_1,
          uniq_maggie
D:8:      layout_basic, serial_bayou_pond_a
Temple:   compressed_dpeg_triangle_lava_temple

Skill      XL: |  1  2  3  4  5  6  7  8  9 10 |
---------------+-------------------------------+-----
Fighting       | 1 2 3 4 5 |  5.0
Spellcasting   | 4 5 6 7 |  7.0
Long Blades    | 5 7 |  7.4
Armour         | 1 4 |  4.1
Shields        | 1 4 |  4.2
Dodging        | 3 5 |  5.2
Stealth        | |  1.5

Action                   |  1- 3 |  4- 6 |  7- 9 | 10-12 || total
-------------------------+-------+-------+-------+-------++-------
Melee: Falchion          |     5 |    12 |    46 |       ||    63
       Punch             |       |       |     2 |       ||     2
       Rapier            |       |       |       |    16 ||    16
 Cast: Magic Dart        |    27 |     7 |    74 |    12 ||   120
       Searing Ray       |     3 |     2 |    18 |     6 ||    29
       Dazzling Flash    |     1 |       |       |       ||     1
       Fulminant Prism   |       |     2 |     6 |     3 ||    11
       Scorch            |       |    15 |    90 |     9 ||   114
       Summon Guardian G |       |       |     1 |       ||     1
Invok: Sacrifice Artific |       |       |       |     1 ||     1
  Use: Scroll            |       |       |     7 |       ||     7
       Potion            |       |       |       |     1 ||     1
Armor: Robe              |     1 |     7 |    15 |       ||    23
       Steam dragon scal |       |       |       |     4 ||     4
Dodge: Dodged            |    10 |    13 |    55 |    25 ||   103
Block: Buckler           |       |       |       |    10 ||    10

Table legend: (Time is in decaauts)
 A = Elapsed time spent in this place.
 B = Non-inter-level travel time spent in this place.
 C = Inter-level travel time spent in this place.
 D = Time resting spent in this place.
 E = Time spent auto-exploring this place.
 F = Levels seen in this place.
 G = Mean time per level.
                   A        B        C        D        E       F      G
               +--------+--------+--------+--------+--------+-----+--------+
         Total |   9267 |   9065 |    202 |   1805 |   5663 |  10 |  926.7 |
       Dungeon |   8222 |   8066 |    156 |   1460 |   5299 |   8 | 1027.8 |
        Temple |    288 |    243 |     45 |      0 |    201 |   1 |  288.0 |
         Sewer |    757 |    757 |      0 |    345 |    163 |   1 |  757.0 |
               +--------+--------+--------+--------+--------+-----+--------+

Top non-repeatable levels by time:
     D:5: 1593 daAuts
     D:4: 1438 daAuts
     D:6: 1390 daAuts
     D:2: 1036 daAuts
     D:7: 1035 daAuts
     D:3: 781 daAuts
   Sewer: 757 daAuts
     D:1: 702 daAuts
  Temple: 288 daAuts
     D:8: 244 daAuts
